 Dungeon Crawl Stone Soup version 0.29.1-2-gbd0b4ee654 (webtiles) character file.

Game seed: 5156927419659781453

13053 Ihaveafatcat the Severer (level 12, -7/162 (165) HPs)
             Began as a Hill Orc Fighter on Nov 15, 2022.
             Was a Plaything of Xom.
             Mangled by a soul eater (9 damage)
             ... summoned by Xom
             ... on level 11 of the Dungeon on Nov 16, 2022.
             The game lasted 00:29:34 (12913 turns).

Ihaveafatcat the Severer (Hill Orc Fighter)        Turns: 12913, Time: 00:29:34

HP:   -7/162 (165)  AC: 28    Str: 22    XL:     12   Next: 2%
MP:   12/12         EV:  4    Int:  8    God:    Xom [......]
Gold: 1088          SH:  5    Dex:  8    Spells: 11/11 levels left

rFire   . . .      SeeInvis .   a - +2 war axe (vorpal)
rCold   . . .      Faith    .   c - +0 buckler
rNeg    . . .      Spirit   .   f - +3 crystal plate armour
rPois   .          Reflect  .   (helmet restricted)
rElec   .          Harm     .   (no cloak)
rCorr   .          Rampage  .   (no gloves)
Will    .....                   (no boots)
Stlth   ..........              (no amulet)
HPRegen 0.37/turn               (no ring)
MPRegen 0.13/turn               (no ring)

@: mighty, berserking, lightly drained, very quick
A: horns 1, iridescent scales 2, clumsy 1, weak 1, MP-powered wands
a: Renounce Religion


You were on level 11 of the Dungeon.
You worshipped Xom.
You were a very special plaything of Xom.
You visited 1 branch of the dungeon, and saw 11 of its levels.

You collected 2997 gold pieces.
You spent 1909 gold pieces at shops.

Inventory:

Hand Weapons
 a - a +2 vorpal war axe (weapon)
Missiles
 y - a throwing net
Armour
 c - a +0 buckler (worn)
 f - a +3 crystal plate armour (worn)
Jewellery
 g - a ring of positive energy
 m - a ring of willpower
 x - a +4 ring of evasion
Wands
 i - a wand of acid (10)
 o - a wand of polymorph (13)
 u - a wand of flame (34)
 w - a wand of iceblast (6)
 z - a wand of charming (3)
 A - a wand of digging (7)
Scrolls
 b - 4 scrolls of teleportation
 h - 4 scrolls of fear
 p - a scroll of identify
 t - 5 scrolls of fog
Potions
 d - 2 potions of might
 e - 3 potions of magic
 j - 4 potions of mutation
 k - 8 potions of cancellation
 l - a potion of haste (quivered)
 q - a potion of attraction
 v - 3 potions of invisibility


   Skills:
 + Level 11.0 Fighting
 + Level 16.2 Axes
 + Level 11.2 Armour
 + Level 0.4 Dodging
 + Level 2.2 Stealth
 + Level 6.3 Shields


You had 11 spell levels left.
You didn't know any spells.
Your spell library contained the following spells:

 Spells                   Type           Power      Damage    Failure   Level
 Necrotise                Necr           0%         1d4       100%        1
 Slow                     Hex            0%         N/A       100%        1
 Summon Small Mammal      Summ           0%         N/A       100%        1
 Confusing Touch          Hex            0%         N/A       100%        3
 Summon Guardian Golem    Hex/Summ       0%         N/A       100%        3
 Tukima's Dance           Hex            0%         N/A       100%        3
 Vampiric Draining        Necr           0%         2d6       100%        3
 Fulminant Prism          Conj/Hex       0%         3d6       100%        4
 Summon Lightning Spire   Summ/Air       0%         N/A       100%        4
 Agony                    Necr           0%         N/A       100%        5
 Lee's Rapid Deconstruct  Erth           0%         3d5*      100%        5
 Yara's Violent Unravell  Hex/Tmut       0%         3d3       100%        5
 Enfeeble                 Hex            0%         N/A       100%        7
 Maxwell's Capacitive Co  Air            0%         ∞         100%        8


Dungeon Overview and Level Annotations

Branches:
Dungeon (11/15)            Temple (0/1) D:6            Lair (0/5) D:9
    Orc: D:9-12

Altars:
Cheibriados
Dithmenos
Fedhas
Gozag
Makhleb
Nemelex Xobeh
Ru
Trog
Vehumet
Wu Jian
Xom
Yredelemnul
Zin

Shops:
D:2 [   D:4 [

Portals:
Trove: D:11 (give +3 fire dragon scales)

Annotations:
D:3 2 transporters


Innate Abilities, Weirdness & Mutations

You have a pair of small horns on your head.
You are mostly covered in iridescent scales. (AC +4)
You are clumsy. (Dex -2)
You are weak. (Str -2)
You expend magic power (3 MP) to strengthen your wands.


Message History

The blast of flame hits you.
* * * LOW HITPOINT WARNING * * *
You hear a bellow!
You hear a horrible gurgling sound!
You hear a roar!
You hear a horrible gurgling sound!
The soul eater attacks as you move away!
The soul eater hits you!
* * * LOW HITPOINT WARNING * * *
The soul eater hits you!
* * * LOW HITPOINT WARNING * * *
The white imp hits you but does no damage.
The iron imp shouts, "Give up, thou fawning earth-vexing tiddler!"
The iron imp hits you but does no damage. x2
Items here: ( )) †††.
A red film seems to cover your vision as you go berserk!
You feel yourself moving faster!
You feel mighty! The soul eater hits you.
* * * LOW HITPOINT WARNING * * *
You feel drained.
The soul eater hits you but does no damage.
The white imp hits you but does no damage.
The iron imp hits you but does no damage.
You are too injured to fight recklessly!
You feel a strong urge to attack something.
The soul eater hits you but does no damage. x2
You are too injured to fight recklessly!
You closely miss the soul eater.
The soul eater is lightly wounded.
You closely miss the soul eater. You closely miss the iron imp.
You slash the white imp!
You kill the white imp!
The white imp disappears in a puff of smoke!
You hit the fire dragon but do no damage.
The fire dragon bites you but does no damage.
The fire dragon claws you but does no damage.
The fire dragon tramples you but does no damage.
You hit the soul eater.
The soul eater is lightly wounded.
You hit the soul eater but do no damage.
You slash the iron imp! You hit the fire dragon. The soul eater hits you!
You die...
Xom laughs nastily!

#....# ###.........#....
#....# .............#....
#....# .............#....
#....######+#######.#..[.
###....)............ .#....
..../..))............###....
............................
.........533.....^..........
..........5@................
..........§D................
.....#######...#######......
..... ...♣♣ #...... ...
.♣♣♣♣ #...... C♣ #...... ♣.
#...... ♣ #...... #......


You could see a fire dragon, 2 soul eaters and 2 iron imps.

Vanquished Creatures
  Erolcha (D:11)
  2 two-headed ogres (D:11)
  Urug (D:11)
  An ugly thing (D:7)
  A cyclops (D:11)
  Maurice (D:9)
  Maggie (D:6)
  Joseph (D:7)
  A komodo dragon (D:10)
  4 trolls
  A culicivora (D:9)
  A wraith (D:11)
  5 wyverns (D:9)
  19 yaks
  A steam dragon (D:8)
  A vampire mosquito (D:10)
  3 water moccasins
  3 orc warriors
  2 sky beasts (D:7)
  2 black bears
  3 ogres
  4 centaurs
  A phantom (D:5)
  3 kobold brigands
  Blork the orc (D:6)
  A necrophage (D:6)
  2 gnoll sergeants
  3 bullfrogs
  3 scorpions
  4 wights (D:8)
  9 howler monkeys
  4 hounds
  A jelly (D:6)
  2 orc priests
  A gnoll bouda (D:5)
  6 iguanas
  Natasha (twice) (D:3)
  9 orc wizards
  7 adders
  10 gnolls
  10 river rats (D:5)
  2 dart slugs
  25 orcs
  4 bats
  5 endoplasms
  4 giant cockroaches
  10 goblins
  5 hobgoblins
  2 jackals (D:3)
  5 quokkas (D:5)
  4 ball pythons
  5 frilled lizards
  23 kobolds
  20 rats
252 creatures vanquished.

Vanquished Creatures (collateral kills)
  A kobold (D:8)
1 creature vanquished.

Vanquished Creatures (others)
  A wizard (D:6)
  A fungus (D:9)
  18 plants
20 creatures vanquished.

Grand Total: 273 creatures vanquished

Notes
Turn   | Place    | Note
-------+----------+-------------------------------------------
     0 | D:1      | Ihaveafatcat the Hill Orc Fighter began the quest for the
                  | Orb.
     0 | D:1      | Reached XP level 1. HP: 19/19 MP: 1/1
   153 | D:1      | Reached XP level 2. HP: 20/27 MP: 2/2
   844 | D:2      | Found Tamoli Ako's Antique Armour Emporium.
   852 | D:2      | Reached XP level 3. HP: 32/33 MP: 3/3
  1094 | D:2      | Reached skill level 3 in Axes
  1173 | D:2      | Reached XP level 4. HP: 41/41 MP: 4/4
  1485 | D:3      | Found a transporter.
  1487 | D:3      | Found a transporter.
  1650 | D:3      | Found a faded altar of an unknown god.
  1875 | D:3      | Noticed Natasha
  1947 | D:3      | Killed Natasha
  1974 | D:3      | Identified the +5 halberd of the End {vamp, Fly rCorr}
  2335 | D:3      | Prayed at the altar of an unknown god.
  2335 | D:3      | Became a worshipper of Xom of Ineffable Intent
  2415 | D:3      | Identified 2 scrolls of acquirement
  2415 | D:3      | Acquired 1232 gold pieces
  2416 | D:3      | Acquired 1113 gold pieces
  2455 | D:2      | Bought a runed crystal plate armour for 1909 gold pieces
  2494 | D:3      | Noticed Natasha
  2500 | D:3      | XOM: silly message
  2503 | D:3      | Killed Natasha
  2504 | D:3      | Reached XP level 5. HP: 37/47 MP: 5/5
  2673 | D:3      | XOM: silly message
  2763 | D:4      | Reached skill level 4 in Axes
  2765 | D:4      | Found Inua's Antique Armour Shoppe.
  2841 | D:4      | XOM: silly message
  2943 | D:4      | Noticed an ogre
  2943 | D:4      | XOM: silly message
  2945 | D:4      | XOM: potion effect (haste)
  2957 | D:4      | Killed an ogre
  2958 | D:4      | Reached skill level 5 in Axes
  2958 | D:4      | Reached XP level 6. HP: 22/53 MP: 6/6
  3506 | D:5      | Entered Level 5 of the Dungeon
  3575 | D:5      | Reached skill level 5 in Fighting
  3852 | D:5      | XOM: give mutations
  3852 | D:5      | Gained mutation: You are partially covered in iridescent
                  | scales. (AC +2) [Xom's grace]
  3852 | D:5      | Gained mutation: You have a pair of small horns on your
                  | head. [Xom's grace]
  3852 | D:5      | Gained mutation: You are mostly covered in iridescent
                  | scales. (AC +4) [Xom's grace]
  3852 | D:5      | Gained mutation: You have sharp toenails. [Xom's grace]
  3875 | D:5      | Reached skill level 6 in Axes
  3875 | D:5      | Reached skill level 5 in Armour
  3895 | D:5      | Noticed a black bear
  3895 | D:5      | XOM: 1-stop teleportation journey
  3902 | D:5      | Killed a black bear
  3903 | D:5      | Reached XP level 7. HP: 59/61 MP: 7/7
  3917 | D:5      | Identified the +7 morningstar of the Endless March
                  | {protect, Int+4}
  3942 | D:5      | Reached skill level 7 in Axes
  4017 | D:5      | XOM: stat loss: -1 Dex (9/10)
  4173 | D:5      | XOM: stat loss: -1 Dex (8/10)
  4256 | D:5      | XOM: 4-stop teleportation journey
  4264 | D:5      | XOM: silly message
  4281 | D:5      | XOM: 3-stop teleportation journey
  4363 | D:5      | Reached XP level 8. HP: 70/70 MP: 8/8
  4376 | D:5      | Reached skill level 8 in Axes
  4959 | D:6      | Noticed Maggie
  4976 | D:6      | Killed Maggie
  4977 | D:6      | Reached skill level 9 in Axes
  4999 | D:6      | XOM: summons 5 hostile demons
  5019 | D:6      | Found a staircase to the Ecumenical Temple.
  5019 | D:6      | XOM: 4-stop teleportation journey
  5023 | D:6      | Reached skill level 10 in Axes
  5590 | D:6      | XOM: stat loss: -1 Str (20/21)
  5621 | D:6      | Found an ornate altar of the Wu Jian Council.
  5653 | D:6      | Noticed Blork the orc
  5660 | D:6      | Killed Blork the orc
  5921 | D:6      | Reached XP level 9. HP: 61/78 MP: 9/9
  6161 | D:6      | XOM: noise
  6186 | D:6      | Identified the +1 spear "Plog" {vorpal, rC+ Stlth+}
  6205 | D:6      | Reached skill level 1 in Stealth
  6247 | D:6      | Found a bloodstained altar of Trog.
  6249 | D:6      | Noticed a wizard
  6254 | D:6      | Killed a wizard
  6338 | D:7      | Found a shadowy altar of Dithmenos.
  6345 | D:7      | XOM: 5-stop teleportation journey
  6350 | D:7      | Reached skill level 11 in Axes
  6443 | D:7      | XOM: enchant monster (bad)
  6523 | D:7      | XOM: give mutations
  6523 | D:7      | Gained mutation: You are weak. (Str -2) [Xom's mischief]
  6523 | D:7      | Gained mutation: Your body sometimes deteriorates upon
                  | taking damage. [Xom's mischief]
  6596 | D:7      | Found a snail-covered altar of Cheibriados.
  6596 | D:7      | Noticed a brown ugly thing
  6600 | D:7      | XOM: potion effect (might)
  6604 | D:7      | Killed a brown ugly thing
  6605 | D:7      | Reached skill level 5 in Shields
  6725 | D:7      | Noticed Joseph
  6726 | D:7      | XOM: potion effect (haste)
  6738 | D:7      | XOM: silly message
  6743 | D:7      | Killed Joseph
  6998 | D:7      | XOM: cloud trail
  7053 | D:7      | XOM: silly message
  7271 | D:7      | XOM: potion effect (might)
  7276 | D:7      | Reached skill level 12 in Axes
  7595 | D:8      | Noticed a troll
  7597 | D:8      | XOM: confuse monster(s)
  7598 | D:8      | Killed a troll
  7599 | D:8      | Reached XP level 10. HP: 77/88 MP: 10/10
  7618 | D:8      | XOM: cloud trail
  7944 | D:8      | XOM: cast spell 'Summon Mana Viper'
  8069 | D:8      | XOM: divination: magic mapping
  8346 | D:8      | XOM: god gift: scroll of enchant armour
  9198 | D:8      | XOM: 1-stop teleportation journey
  9285 | D:9      | Reached skill level 13 in Axes
  9287 | D:9      | XOM: divination: detect creatures
  9306 | D:9      | Found a staircase to the Lair.
  9600 | D:9      | XOM is BORED!
  9600 | D:9      | XOM: stat loss: -2 Str (20/22)
  9606 | D:9      | Noticed Maurice
  9723 | D:9      | Killed Maurice
  9777 | D:9      | Reached skill level 14 in Axes
  9819 | D:9      | XOM: torment (47/91 hp)
 10062 | D:9      | XOM: polymorph yak -> culicivora
 10096 | D:9      | Reached skill level 10 in Armour
 10096 | D:9      | Reached XP level 11. HP: 90/97 MP: 11/11
 10179 | D:9      | XOM: torment (47/97 hp)
 10247 | D:9      | XOM: give mutations
 10247 | D:9      | Lost mutation: Your body sometimes deteriorates upon taking
                  | damage. [Xom's mischief]
 10247 | D:9      | Gained mutation: You are clumsy. (Dex -2) [Xom's mischief]
 10247 | D:9      | Lost mutation: You are clumsy. (Dex -2) [Xom's mischief]
 10548 | D:9      | XOM: 1-stop teleportation journey
 10552 | D:9      | XOM: confusion (+ monsters)
 10563 | D:9      | XOM: noise
 10654 | D:9      | Reached skill level 15 in Axes
 10859 | D:10     | XOM: stealth player
 10859 | D:10     | Entered Level 10 of the Dungeon
 10882 | D:10     | Reached skill level 10 in Fighting
 10912 | D:10     | Got the Quarto of Spores
 10923 | D:10     | Got the Papyrus of Airy Grit
 11066 | D:10     | Found a blossoming altar of Fedhas.
 11066 | D:10     | Found a sparkling altar of Nemelex Xobeh.
 11066 | D:10     | Found a shadowy altar of Dithmenos.
 11066 | D:10     | Found a basalt altar of Yredelemnul.
 11066 | D:10     | Found a burning altar of Makhleb.
 11066 | D:10     | Found an opulent altar of Gozag.
 11066 | D:10     | Found a snail-covered altar of Cheibriados.
 11066 | D:10     | Found a glowing silver altar of Zin.
 11066 | D:10     | Found a radiant altar of Vehumet.
 11066 | D:10     | XOM: 4-stop teleportation journey
 11213 | D:10     | Found a sacrificial altar of Ru.
 11332 | D:10     | XOM: stat loss: -1 Dex (9/10)
 11697 | D:11     | XOM: draining
 11706 | D:11     | Noticed Urug
 11707 | D:11     | XOM: cleaving
 11708 | D:11     | XOM: swap monsters
 11713 | D:11     | Killed Urug
 12075 | D:11     | Noticed Erolcha
 12077 | D:11     | XOM: summons 11 friendly demons
 12119 | D:11     | Killed Erolcha
 12119 | D:11     | XOM: cast spell 'Chain of Chaos'
 12500 | D:11     | Found a portal to a secret trove of treasure.
 12531 | D:11     | XOM: give mutations
 12531 | D:11     | Gained mutation: You are completely covered in iridescent
                  | scales. (AC +6) [Xom's mischief]
 12531 | D:11     | Lost mutation: You have sharp toenails. [Xom's mischief]
 12531 | D:11     | Lost mutation: You are completely covered in iridescent
                  | scales. (AC +6) [Xom's mischief]
 12536 | D:11     | HP: 4/101 [something (21)]
 12537 | D:11     | XOM: draining
 12708 | D:11     | XOM: give mutations
 12708 | D:11     | Gained mutation: You are clumsy. (Dex -2) [Xom's mischief]
 12708 | D:11     | Gained mutation: You expend magic power (3 MP) to
                  | strengthen your wands. [Xom's mischief]
 12776 | D:11     | XOM: 1-stop teleportation journey
 12778 | D:11     | Noticed a two-headed ogre
 12789 | D:11     | Killed a two-headed ogre
 12790 | D:11     | Reached skill level 16 in Axes
 12864 | D:11     | Noticed a two-headed ogre
 12872 | D:11     | Noticed a cyclops
 12881 | D:11     | Killed a two-headed ogre
 12884 | D:11     | Killed a cyclops
 12885 | D:11     | Reached XP level 12. HP: 17/110 MP: 12/12
 12906 | D:11     | XOM: summons 7 hostile demons
 12907 | D:11     | Noticed a soul eater
 12907 | D:11     | Noticed a soul eater
 12907 | D:11     | Noticed a fire dragon
 12909 | D:11     | HP: 1/110 [soul eater[Xom] (11)]
 12913 | D:11     | Mangled by a soul eater

Illustrated notes

Levels and vault maps discovered:
D:1:      heliophobic_arrival_henge, layout_basic, minmay_domino_4
D:2:      layout_loops_ring, serial_shops, nicolae_shop_statue_plus
D:3:      layout_basic, nicolae_ecumenical_oubliette,
          gammafunk_ghost_gnarly_gnolls, hangedman_decor_points,
          nicolae_concentric_dashed_squares_mild, uniq_natasha
D:4:      kennysheep_six_static_rooms, layout_gridville, serial_shops,
          nicolae_shop_crystal, minmay_ogre_servants, uniq_duvessa
D:5:      lemuel_ratsnest, layout_basic, nicolae_underground_beach
D:6:      layout_loops_ring, trog_wizard, pdpol_wu_jian_five_deadly_venoms,
          minmay_temple_entry_sparse_star, uniq_blork_the_orc, uniq_maggie
D:7:      layout_basic, hangedman_feature_mirror, uniq_joseph
D:8:      layout_loops_cross, serial_co_window_serial, co_window_corner_a,
          co_window_paths_b, co_window_corner_a, co_window_paths_b,
          co_window_corner_a, co_window_2corner, co_window_2corner,
          co_window_broadway_b, co_window_corner_cb, co_window_sun,
          co_window_4corner_b, glass_columns_a, glass_columns_c,
          glass_columns_b, glass_columns_b, minmay_crystal_room
D:9:      layout_roguey, minmay_lair_entry_grove, uniq_maurice
D:10:     layout_loops_ring, nicolae_overflows_in_rows, minmay_diced_spiral
D:11:     nzn_winding_woodlands_small [nzn_winding_woodlands_5x15_crooked,
          nzn_winding_woodlands_center_garden,
          nzn_winding_woodlands_5x15_zeroes], layout_irregular_city,
          enter_trove_3, uniq_erolcha, uniq_urug

Skill      XL: |  1  2  3  4  5  6  7  8  9 10 11 |
---------------+----------------------------------+-----
Fighting       | 4 5 6 7 9 11 | 11.0
Armour         | 4 5 6 8 10 11 | 11.2
Axes           | 3 5 6 7 10 12 14 16 | 16.2
Shields        | 4 5 6 |  6.3
Stealth        | 1 2 |  2.2
Dodging        | |  0.4

Action                   |  1- 3 |  4- 6 |  7- 9 | 10-12 || total
-------------------------+-------+-------+-------+-------++-------
Melee: War axe           |    73 |    89 |   252 |   285 ||   699
       Kick              |       |     2 |    66 |    87 ||   155
       Headbutt          |       |     1 |    38 |    58 ||    97
  Use: Scroll            |       |    16 |     4 |    11 ||    31
       Potion            |       |     1 |     2 |     8 ||    11
 Stab: Sleeping          |       |       |     1 |       ||     1
       Confused          |       |       |       |     5 ||     5
Armor: Scale mail        |    44 |    16 |       |       ||    60
       Crystal plate arm |       |    62 |   174 |   257 ||   493
Dodge: Dodged            |    32 |    27 |    26 |    54 ||   139
Block: Buckler           |    17 |    34 |    44 |    61 ||   156
